cohdb
Replays
Latest Replays
All Replays
Popular Replays
Top Player Replays
Match Explorer
How It Works
Community
CoH3 Stats
Reddit
Sign in to upload your games and track your stats! →
Sign in with Steam
Match 41510408
Unlisted
Match 41510408
Overview
Messages
Build Orders
End
Panzergrenadier Squad
250 Light Carrier
Selects Armored Support Battlegroup
Panzergrenadier Squad
Construct Light Support Kompanie
Construct Mechanized Kompanie
Panzerjäger Squad
Panzergrenadier Squad
Support Armor Elements
StuG III D Assault Gun
Veteran Squad Leaders
Pak 38 Mechanized Group
Construct Panzerarmee Kommand
254 Reconnaissance Tractor
Tizmitce
Imperiale
MiniMarko
Bananenratte
Adumb
FrustrateHead แฟนคลับลุงพล
Rappy The Rapper
Someth1ng
0
0
Comments
sign in to comment!
No comments posted yet!